 Dungeon Crawl Stone Soup version 0.30-a0-879-ga8ba668304 (webtiles) character file.

Game seed: 16526361580257964835

4 hikkokomori the Chiller (level 1, 0/14 HPs)
             Began as a Human Ice Elementalist on Mar 14, 2023.
             Frozen to death by an endoplasm (2 damage)
             ... on level 1 of the Dungeon.
             The game lasted 00:00:26 (112 turns).

hikkokomori the Chiller (Human Ice Elementalist)     Turns: 112, Time: 00:00:27

Health: 0/14       AC:  2    Str:  8    XL:     1   Next: 66%
Magic:  1/3        EV: 12    Int: 15    God:
Gold:   0          SH:  0    Dex: 13    Spells: 3/4 levels left

rFire   . . .      SeeInvis .    (no weapon)
rCold   . . .      Faith    .    (no shield)
rNeg    . . .      Spirit   .    a - +0 robe
rPois   .          Reflect  .    (no helmet)
rElec   .          Rampage  .    (no cloak)
rCorr   .                        (no gloves)
Will    .....                    (no boots)
Stlth   ++                       (no amulet)
HPRegen 0.22/turn                (no ring)
MPRegen 0.08/turn                (no ring)

@: no status effects
A: no striking features
a: no special abilities


You were on level 1 of the Dungeon.
You visited 1 branch of the dungeon, and saw 1 of its levels.

Inventory:

Armour
 a - a +0 robe (worn)
Scrolls
 d - a scroll of teleportation {unknown}
Potions
 b - a potion of magic
 c - a potion of resistance {unknown}


   Skills:
 + Level 0.4 Fighting
 - Level 2.0 Dodging
 + Level 2.1 Stealth
 - Level 2.0 Spellcasting
 + Level 4.0 Ice Magic


You had 3 spell levels left.
You knew the following spells:

 Your Spells              Type           Power      Damage    Failure   Level
a - Freeze                Ice            52%        1d6       4%          1

Your spell library contained the following spells:

 Spells                   Type           Power      Damage    Failure   Level
 Frozen Ramparts          Ice            26%        1d4       13%         3
 Ozocubu's Armour         Ice            13%        N/A       13%         3
 Summon Ice Beast         Ice/Summ       7%         N/A       67%         4


Dungeon Overview and Level Annotations

Branches:
Dungeon (1/15)

Altars:


Message History

A goblin is nearby!
A goblin is nearby!
A goblin comes into view. It is wielding a +0 dagger.
The goblin shouts!
An endoplasm comes into view.
The goblin misses you.
The goblin moves out of view.
You freeze the goblin.
You kill the goblin!
You closely miss the goblin. The goblin hits you with a +0 dagger.
You freeze the goblin.
The goblin is moderately wounded.
The goblin barely misses you.
You freeze the goblin.
The goblin is severely wounded.
The goblin hits you with a +0 dagger.
You are out of magic!
You hit the goblin.
The goblin is almost dead.
The goblin closely misses you.
You closely miss the goblin.
The goblin is almost dead.
The goblin hits you with a +0 dagger.
You hit the goblin but do no damage.
The goblin is almost dead.
The goblin hits you with a +0 dagger. The endoplasm freezes you.
You are frozen.
You are too injured to fight recklessly!
The goblin attacks as you move away! The goblin hits you with a +0 dagger.
The endoplasm attacks as you move away! The endoplasm closely misses you.
The goblin attacks as you move away! The goblin hits you but does no damage.
You hit the endoplasm but do no damage. The endoplasm freezes you.
You are frozen.
* * * LOW HITPOINT WARNING * * *
Unknown command.
You hit the endoplasm but do no damage. The endoplasm freezes you.
You are frozen.
You die...

.#.....#.# ..##.#
...................
.......#.#.#.......
.†#.......#........ #
....#..#.#.#.#.... ..#
⌠P..#.........$..###..#
.~..##.#...:...#......
.~..##.............#
[~.....#.#.....#@#.#
.~.............J#....#
.~.....#.#.#...#.#.#.##
.~.#.#.................
P~...#.#.#.#.#.#.#.#.#.
...............).......
###..#.######.#...######
#..#.# #.###.# # #.# .#


You could see an endoplasm.

Vanquished Creatures
  An endoplasm (D:1)
  A goblin (D:1)
  A frilled lizard (D:1)
  A rat (D:1)
4 creatures vanquished.

Notes
Turn   | Place    | Note
-------+----------+-------------------------------------------
     0 | D:1      | hikkokomori the Human Ice Elementalist began the quest for
                  | the Orb.
     0 | D:1      | Reached XP level 1. HP: 13/13 MP: 3/3
   112 | D:1      | Frozen to death by an endoplasm

Illustrated notes

Levels and vault maps discovered:
D:1:      reono_arrival_mine, layout_rooms, shapermc_ecumenical_altar_acropolis,
          grunt_decor_fettered, hangedman_decor_riveting

Action                     || total
---------------------------++-------
  Melee: Unarmed           ||     7
   Cast: Freeze            ||     7
 Armour: Robe              ||     1
  Dodge: Dodged            ||     7

Table legend: (Time is in decaauts)
 A = Elapsed time spent in this place.
 B = Non-inter-level travel time spent in this place.
 C = Inter-level travel time spent in this place.
 D = Time resting spent in this place.
 E = Time spent auto-exploring this place.
 F = Levels seen in this place.
 G = Mean time per level.
                   A        B        C        D        E       F      G
               +--------+--------+--------+--------+--------+-----+--------+
         Total |    112 |    112 |      0 |      0 |     73 |   1 |  112.0 |
       Dungeon |    112 |    112 |      0 |      0 |     73 |   1 |  112.0 |
               +--------+--------+--------+--------+--------+-----+--------+

Top non-repeatable levels by time:
     D:1: 112 daAuts
